AoeStats
← CrazyBen

Arena

510119679Analyzed
4v4 RM · 2d ago on Sep 29, 2026· 26m 3s· 8 players
Game mode
Random Map
Map size
Large (8 player)
Population
200
Speed
Normal
Resources
Standard
Victory
Conquest
Starting age
Dark Age
Ending age
Imperial Age
RankedLock teamsTeams togetherTeam positionsShared explorationLock speedFull tech treeHidden civsTurbo modeCheats
Victory
Defeat
🇫🇷 Japanese · France
1459
+13
🇩🇪 Mongols · Germany
1439
+13
🇨🇴 Bulgarians · Colombia
1386
+16
🇳🇱 Magyars · Netherlands
1343
+17
🇹🇼 Teutons · Taiwan
1456
-17
🇨🇳 Byzantines · China
1412
-16
🇨🇳 Spanish · China
1352
-14
🇨🇳 Persians · China
1301
-12
Seritzia
10:51 Feudal Age
14:52 Castle Age
13:24 Stone Mining
13:27 Loom
14:30 Double-Bit Axe
17:15 Fletching
19:20 Scale Barding Armor
22:20 Husbandry
22:47 Bloodlines
25:32 Chain Barding Armor
26:29 Forging
CheekyChuKoNu
11:13 Feudal Age
14:50 Castle Age
13:21 Double-Bit Axe
14:20 Horse Collar
15:54 Wheelbarrow
16:35 Bow Saw
19:42 Loom
22:12 Town Watch
25:06 Town Patrol
27:39 Imperial Age
25:00 Loom
25:18 Fletching
25:30 Padded Archer Armor
26:00 Ballistics
25:42 Bodkin Arrow
26:36 Leather Archer Armor
软脚虾3号
9:51 Feudal Age
13:36 Castle Age
11:41 Double-Bit Axe
11:51 Horse Collar
14:27 Bow Saw
21:30 Heavy Plow
22:48 Wheelbarrow
21:59 Loom
22:00 Town Watch
23:32 Gold Mining
23:33 Stone Mining
25:59 Gold Shaft Mining
25:59 Stone Shaft Mining
CrazyBen
菜菜的菜菜
nostop333
10:48 Feudal Age
11:28 Double-Bit Axe
14:29 Castle Age
12:33 Horse Collar
15:47 Bow Saw
16:12 Heavy Plow
17:14 Wheelbarrow
19:28 Gold Mining
21:41 Stone Mining
23:39 Hand Cart
26:58 Imperial Age
24:14 Loom
24:15 Town Watch
25:48 Scale Barding Armor
25:53 Forging
开心华子
初夏花开
9:59 Feudal Age
12:20 Loom
12:58 Double-Bit Axe
17:14 Castle Age
15:36 Horse Collar
16:53 Gold Mining
Connection lost

Rejoining the realm…

Still unreachable

The connection could not be restored.

Session expired

The server has moved on; the page needs a fresh start.